Map: Zen LE

Players

Reynor - Winner!

  • Race: Zerg Zerg
  • League: Master
  • Spawn Location: 1:00

Serral

  • Race: Zerg Zerg
  • League: Grandmaster
  • Spawn Location: 7:00

Event: Shopify TSL 5

VOD

Have the link to the VOD?

Description

Time

  • Played on: May 24, 2020, 1:52 p.m.
  • Length: 19:16

All games in this series

Show
View Real Time Build Order
Export as new Build Order

Reynor Zerg - Winner!

Build Orders: Hatch First, Lurkers, Roach Hydra 

Get SALT Encoding   

  12  0:00  Drone  
  13  0:12  Overlord  
  13  0:17  Drone  
  14  0:30  Drone x2  
  16  0:48  Hatchery  
  15  0:51  Drone  
  15  0:55  Drone  
  17  0:58  Drone  
  18  1:09  Extractor  
  17  1:15  Spawning Pool  
  17  1:17  Drone  
  17  1:20  Drone  
  18  1:27  Drone  
  19  1:39  Drone  
  20  1:49  Drone  
  21  2:02  Queen, Zergling x4  
  27  2:10  Zergling x2  
  28  2:17  Overlord  
  26  2:41  Hatchery  
  25  2:45  Drone  
  26  3:03  Hatchery  
  25  3:06  Drone  
  25  3:10  Drone  
  27  3:15  Metabolic Boost  
  27  3:18  Drone  
  28  3:28  Queen  
  28  3:33  Overlord  
  30  3:51  Drone  
  30  3:52  Drone x2  
  30  3:53  Drone  
  34  3:58  Queen  
  37  4:02  Zergling x2  
  37  4:04  Zergling x2  
  37  4:13  Zergling x2  
  37  4:15  Zergling x4  
  39  4:25  Zergling x4  
  39  4:26  Zergling x6  
  39  4:28  Overlord  
  43  4:37  Evolution Chamber  
  42  4:38  Zergling x4  
  42  4:39  Zergling x2  
  45  4:46  Drone  
  45  4:47  Drone  
  45  4:48  Drone  
  45  4:50  Drone x2, Overlord  
  45  4:51  Drone  
  52  4:52  Drone  
  52  4:55  Drone  
  52  4:57  Drone  
  54  5:00  Drone  
  54  5:03  Drone  
  54  5:06  Zerg Missile Weapons Level 1  
  56  5:08  Drone  
  56  5:10  Drone  
  56  5:13  Drone x2  
  60  5:17  Drone x2  
  62  5:23  Drone  
  62  5:24  Roach Warren  
  62  5:26  Overlord  
  62  5:29  Drone x2  
  62  5:33  Lair  
  64  5:35  Extractor  
  64  5:36  Extractor  
  64  5:41  Drone x4  
  66  5:47  Drone x2, Overlord  
  66  5:48  Drone  
  66  5:49  Drone  
  70  5:56  Drone x4  
  74  5:58  Extractor  
  74  5:59  Drone  
  74  6:03  Overlord  
  74  6:08  Drone x4  
  74  6:10  Extractor  
  77  6:12  Drone x3  
  77  6:15  Overlord  
  80  6:19  Drone  
  80  6:20  Evolution Chamber, Drone  
  80  6:22  Drone x3  
  84  6:27  Extractor  
  84  6:28  Pneumatized Carapace, Drone x3  
  84  6:31  Overlord  
  86  6:34  Glial Reconstitution  
  86  6:36  Roach x2  
  86  6:37  Overseer  
  90  6:40  Roach  
  90  6:41  Roach  
  90  6:45  Roach x2  
  98  6:50  Roach x3  
  98  6:53  Zerg Ground Armor Level 1  
  104  6:55  Overlord  
  104  6:57  Roach  
  106  7:02  Zerg Missile Weapons Level 2  
  106  7:06  Overlord  
  105  7:15  Overlord, Hydralisk Den  
  103  7:17  Roach  
  103  7:22  Overseer  
  105  7:26  Hatchery  
  105  7:27  Roach x4  
  112  7:32  Drone  
  112  7:33  Overlord  
  112  7:35  Roach x4  
  120  7:40  Overlord  
  120  7:45  Overlord  
  120  7:47  Muscular Augments  
  120  7:52  Hydralisk x5  
  120  7:57  Spore Crawler  
  120  7:58  Lurker Den, Hydralisk  
  128  8:05  Roach x4  
  138  8:11  Hydralisk x2  
  141  8:13  Drone x4  
  141  8:15  Overlord  
  141  8:19  Overlord  
  145  8:21  Drone, Spore Crawler  
  142  8:29  Overlord  
  142  8:34  Hydralisk x2  
  142  8:37  Extractor  
  142  8:38  Queen  
  142  8:40  Drone  
  142  8:41  Drone  
  148  8:42  Roach x2  
  148  8:43  Overlord  
  148  8:47  Roach x2  
  148  8:48  Roach x2  
  160  8:50  Spore Crawler  
  160  8:52  Spore Crawler  
  158  8:57  Roach  
  158  8:58  Overlord  
  160  9:03  Overlord  
  160  9:08  Grooved Spines  
  160  9:10  Overlord  
  160  9:16  Hydralisk x3  
  165  9:17  Hydralisk  
  165  9:21  Overlord  
  156  9:25  Roach x6  
  156  9:30  Roach x2  
  164  9:33  Lurker  
  164  9:34  Lurker x3  
  164  9:38  Roach x2  
  170  9:46  Hydralisk x4  
  170  9:50  Roach x2  
  180  9:57  Roach  
  180  9:58  Roach x4  
  164  10:00  Roach  
  164  10:02  Roach  
  164  10:04  Lurker  
  165  10:07  Roach x2  
  165  10:12  Lurker  
  165  10:13  Roach x3  
  172  10:17  Roach  
  172  10:18  Roach x2  
  172  10:21  Roach  
  180  10:26  Roach x3  
  174  10:39  Roach x3  
  174  10:40  Overlord x2  
  176  10:48  Burrow, Tunneling Claws  
  176  10:56  Overlord  
  176  10:57  Overseer  
  175  11:00  Roach x8  
  191  11:10  Overlord  
  191  11:11  Roach x6  
  192  11:14  Roach  
  192  11:15  Roach  
  192  11:16  Roach  
  177  11:18  Roach  
  177  11:23  Roach x3  
  183  11:26  Roach x2  
  183  11:31  Roach x3  
  189  11:37  Roach x3  
  187  11:46  Hydralisk x2  
  187  11:47  Hydralisk x2  
  177  11:50  Hydralisk  
  167  11:56  Lurker Den  
  167  11:57  Roach x3  
  167  11:59  Roach  
  174  12:05  Roach x3  
  180  12:15  Roach x5  
  190  12:20  Roach x5  
  189  12:31  Roach Warren  
  189  12:36  Hydralisk x4  
  189  12:48  Hydralisk x4  
  169  12:57  Roach  
  143  13:01  Hydralisk x3  
  127  13:12  Roach x10  
  141  13:17  Lurker x3  
  138  13:23  Roach x3  
  138  13:26  Roach  
  138  13:27  Roach  
  144  13:32  Roach x2  
  148  13:35  Roach  
  148  13:38  Roach x7  
  148  13:41  Roach, Infestation Pit  
  151  13:51  Lurker x2  
  151  13:55  Roach x2  
  155  14:02  Roach x5  
  165  14:10  Roach x2  
  165  14:11  Lurker  
  166  14:19  Hive  
  166  14:20  Hatchery  
  166  14:22  Roach x2  
  169  14:28  Roach x4  
  169  14:31  Roach x7  
  173  14:38  Roach x2  
  177  14:43  Hatchery  
  172  14:54  Roach x6  
  170  15:06  Roach x4  
  173  15:08  Roach x2  
  173  15:09  Roach x3  
  165  15:14  Roach  
  165  15:25  Roach  
  165  15:26  Roach x7  
  171  15:36  Viper x2  
  171  15:37  Viper  
  178  15:42  Roach x2  
  178  15:49  Lurker x3  
  177  15:51  Roach x2  
  179  15:57  Extractor  
  179  15:59  Extractor, Hydralisk  
  179  16:07  Zerg Missile Weapons Level 3  
  179  16:13  Roach x2  
  179  16:16  Roach  
  179  16:17  Roach  
  181  16:28  Adaptive Talons  
  181  16:31  Roach x2, Lurker  
  186  16:58  Overlord x2  
  186  17:01  Hatchery  
  185  17:18  Hydralisk x4  
  185  17:22  Lurker x2  
  191  17:28  Hydralisk  
  193  17:40  Seismic Spines  
  193  17:43  Roach x19  
  193  17:44  Roach x2  
  195  17:57  Roach x2  
  196  18:10  Roach x20  
  188  18:21  Hydralisk x3  
  190  18:27  Roach x2  
  190  18:30  Roach  
  172  18:45  Roach  
  172  18:46  Roach x4  
  161  18:49  Hydralisk  
  161  18:51  Roach  
Show
View Real Time Build Order
Export as new Build Order

Serral Zerg 

Build Orders: Pool First 

Get SALT Encoding   

  12  0:17  Spawning Pool  
  11  0:22  Drone  
  11  0:26  Drone  
  13  0:31  Drone  
  14  0:40  Overlord  
  14  1:03  Zergling x4  
  16  1:05  Zergling x2  
  17  1:15  Zergling x2  
  18  1:19  Hatchery  
  17  1:26  Zergling x2  
  18  1:34  Queen  
  18  1:39  Drone  
  21  1:47  Overlord  
  21  1:59  Drone  
  22  2:09  Drone  
  22  2:10  Queen  
  25  2:21  Drone  
  21  2:30  Zergling x2  
  21  2:32  Queen  
  21  2:33  Zergling x2  
  25  2:43  Drone  
  25  2:44  Drone x2  
  28  2:45  Drone  
  31  3:00  Drone, Overlord  
  31  3:05  Extractor  
  31  3:14  Drone  
  31  3:15  Roach Warren  
  31  3:19  Drone x2  
  33  3:21  Drone  
  33  3:24  Drone x3  
  33  3:26  Drone  
  37  3:27  Drone  
  37  3:35  Drone  
  37  3:36  Drone  
  37  3:40  Overlord  
  39  3:44  Overlord  
  39  3:56  Hatchery  
  39  3:59  Drone  
  39  4:00  Drone  
  39  4:02  Drone  
  41  4:04  Drone  
  41  4:07  Drone  
  43  4:10  Overlord  
  43  4:16  Drone x3  
  45  4:21  Evolution Chamber  
  44  4:26  Roach x3  
  44  4:30  Roach  
  52  4:34  Extractor  
  51  4:39  Roach  
  51  4:41  Drone x4  
  57  4:47  Extractor  
  57  4:52  Drone x2  
  58  4:57  Lair  
  58  4:58  Overlord x2  
  58  5:06  Evolution Chamber  
  56  5:11  Roach x2  
  60  5:19  Overlord  
  60  5:24  Zerg Missile Weapons Level 1  
  60  5:25  Drone, Overlord  
  60  5:26  Drone x3  
  60  5:27  Extractor, Drone  
  64  5:29  Roach  
  66  5:37  Roach x2  
  70  5:44  Hatchery  
  70  5:48  Overlord  
  70  5:49  Roach  
  71  5:52  Overlord  
  71  5:55  Overseer  
  71  5:56  Glial Reconstitution  
  71  6:00  Drone  
  71  6:03  Drone  
  71  6:04  Drone x4  
  76  6:08  Drone  
  78  6:14  Zerg Ground Armor Level 1  
  78  6:17  Drone  
  78  6:18  Overlord  
  79  6:19  Drone x2  
  79  6:20  Drone x4  
  85  6:28  Drone, Spire  
  85  6:32  Extractor x2  
  83  6:33  Drone  
  83  6:37  Drone  
  85  6:42  Drone  
  86  6:47  Overlord  
  86  6:49  Drone, Overlord  
  87  6:55  Roach x2  
  91  7:04  Roach  
  91  7:06  Overlord  
  91  7:07  Overlord  
  93  7:11  Roach x3  
  93  7:12  Overlord  
  93  7:15  Overlord  
  99  7:19  Zerg Missile Weapons Level 2  
  99  7:23  Drone x2  
  99  7:24  Drone x2  
  103  7:30  Overlord  
  103  7:32  Drone x4  
  107  7:42  Mutalisk  
  107  7:43  Mutalisk x2  
  113  7:45  Mutalisk x2  
  113  7:46  Mutalisk  
  113  7:49  Mutalisk  
  121  7:53  Hatchery  
  121  7:54  Mutalisk  
  122  8:01  Overlord  
  122  8:04  Roach x4  
  130  8:10  Roach x3  
  130  8:11  Roach  
  138  8:15  Zerg Ground Armor Level 2  
  138  8:21  Roach x3  
  138  8:26  Roach x2  
  138  8:27  Roach x2  
  152  8:28  Overlord  
  152  8:39  Roach x5  
  162  8:44  Roach x4  
  162  8:47  Overlord  
  170  8:49  Overlord  
  170  8:51  Ravager  
  170  8:52  Ravager x2  
  173  8:56  Roach x2  
  173  8:59  Roach x2  
  173  9:01  Ravager  
  182  9:05  Roach x2  
  182  9:06  Roach  
  187  9:17  Roach x6  
  199  9:24  Roach x4  
  199  9:29  Roach  
  199  9:30  Roach x2  
  199  9:32  Overseer  
  199  9:36  Ravager  
  198  9:39  Roach  
  198  9:48  Extractor, Overlord  
  197  9:56  Roach x6  
  183  10:03  Roach  
  183  10:04  Roach x8  
  183  10:05  Overseer  
  191  10:08  Ravager  
  191  10:09  Ravager  
  193  10:14  Roach  
  193  10:15  Roach x2  
  190  10:30  Roach x8  
  185  10:40  Roach  
  175  10:43  Overlord  
  175  10:44  Overseer  
  175  10:46  Roach x2  
  175  10:47  Roach x7  
  175  10:48  Ravager  
  175  10:49  Ravager  
  190  10:55  Roach x2  
  190  10:56  Roach x2  
  196  11:03  Infestation Pit  
  182  11:13  Roach x7  
  182  11:17  Roach x2  
  185  11:24  Roach  
  188  11:28  Ravager  
  188  11:29  Roach, Hatchery  
  188  11:30  Roach  
  192  11:36  Roach x3  
  190  11:41  Roach x3  
  192  11:49  Infestation Pit  
  192  11:50  Roach  
  192  11:51  Roach x2  
  193  12:00  Ravager x2  
  195  12:04  Roach x2  
  199  12:12  Overseer  
  199  12:14  Overseer  
  196  12:16  Roach x2  
  200  12:27  Hive  
  196  12:32  Roach x2  
  196  12:36  Pneumatized Carapace  
  196  12:38  Roach x2  
  196  12:42  Roach x2  
  196  12:44  Roach  
  199  12:47  Roach  
  199  12:48  Roach x2  
  199  12:50  Roach x4  
  177  12:54  Roach  
  149  12:59  Roach x2  
  149  13:03  Roach x2  
  134  13:06  Roach  
  134  13:08  Roach  
  134  13:11  Roach  
  133  13:14  Roach  
  133  13:16  Roach  
  137  13:20  Overlord  
  137  13:25  Ravager  
  137  13:26  Ravager, Overseer  
  139  13:33  Ravager  
  139  13:34  Ravager  
  141  13:39  Roach x2, Hatchery  
  144  13:44  Roach x2  
  148  13:50  Viper  
  148  13:51  Viper  
  154  14:01  Zerg Missile Weapons Level 3  
  154  14:02  Overseer  
  154  14:04  Drone  
  154  14:06  Drone x2  
  157  14:11  Overseer  
  157  14:12  Viper  
  160  14:18  Roach x2  
  160  14:23  Overlord  
  160  14:24  Overlord  
  164  14:28  Roach  
  164  14:33  Roach  
  164  14:37  Roach x2  
  165  14:42  Overseer  
  164  14:45  Roach  
  164  14:49  Drone  
  162  14:56  Roach x2  
  165  15:04  Roach x2  
  167  15:15  Roach Warren  
  166  15:21  Drone  
  159  15:43  Drone x2  
  161  15:52  Drone  
  161  15:55  Roach x9  
  161  15:56  Roach  
  181  16:00  Overlord  
  181  16:02  Ravager  
  181  16:06  Drone  
  181  16:07  Drone  
  181  16:13  Roach x2  
  181  16:16  Ravager  
  181  16:18  Viper  
  189  16:27  Viper  
  189  16:28  Viper  
  189  16:32  Drone  
  196  16:33  Hydralisk Den  
  192  17:00  Drone  
  193  17:04  Grooved Spines, Hydralisk x3  
  199  17:17  Overlord x2  
  199  17:18  Overlord  
  199  17:22  Overlord  
  197  17:28  Hatchery  
  196  17:40  Hydralisk x2  
  198  17:56  Hydralisk  
  200  18:12  Overseer  
  196  18:21  Hydralisk x2  
  198  18:30  Hydralisk x6  
  174  18:36  Extractor  
  174  18:41  Swarm Host, Hydralisk x2  
  154  18:47  Hydralisk  
Tags
 
Add a new tag
Caveats
  • Supply blocks, unpowered buildings, or Contaminate may cause inaccurate times.
  • Supply counts are checked every 10 seconds.